 Dungeon Crawl Stone Soup version 0.30-a0-672-gc3a7216ad8 (webtiles) character file.

Game seed: 11686002846595525897

362 Dittersdorf the Trooper (level 6, -2/40 HPs)
             Began as a Gargoyle Fighter on Jan 18, 2023.
             Was an Initiate of Okawaru.
             Slain by an ogre
             ... wielding a +0 giant club
              (26 damage)
             ... on level 3 of the Dungeon.
             The game lasted 00:03:36 (2759 turns).

Dittersdorf the Trooper (Gargoyle Fighter)          Turns: 2759, Time: 00:03:37

Health: -2/40      AC: 16    Str: 22    XL:     6   Next: 66%
Magic:  6/6        EV:  7    Int:  8    God:    Okawaru [......]
Gold:   158        SH:  4    Dex:  9    Spells: 5/5 levels left

rFire   . . .      SeeInvis .    a - +1 flail
rCold   + . .      Faith    .    c - +0 buckler
rNeg    + . .      Spirit   .    v - +0 chain mail
rPois   ∞          Reflect  .    w - +1 helmet
rElec   +          Harm     .    (no cloak)
rCorr   .          Rampage  .    (no gloves)
Will    .....                    (no boots) Stlth
                                 (no amulet)
HPRegen 0.26/turn                u - ring of protection from cold
MPRegen 0.10/turn                (no ring)

@: no status effects
A: sickness immunity, AC +4, negative energy resistance 1, electricity
resistance, torment resistance 1, petrification resistance
a: Renounce Religion


You were on level 3 of the Dungeon.
You worshipped Okawaru.
Okawaru was noncommittal.
You visited 1 branch of the dungeon, and saw 4 of its levels.

You collected 158 gold pieces.

Inventory:

Hand Weapons
 a - a +1 flail (weapon)
Missiles
 f - 11 poisoned darts (quivered)
Armour
 c - a +0 buckler (worn)
 v - a +0 chain mail (worn)
 w - a +1 helmet (worn)
Jewellery
 u - a ring of protection from cold (left hand)
Scrolls
 j - 4 scrolls of teleportation
 k - a scroll of enchant weapon
 l - a scroll of immolation {unknown}
 q - a scroll of enchant armour
Potions
 d - a potion of might
 e - 5 potions of magic
 g - a potion of brilliance {unknown}
 h - 2 potions of berserk rage
 i - a potion of mutation {unknown}
 m - a potion of degeneration {unknown}
 n - a potion of resistance {unknown}
 o - a potion of flight
 p - a potion of cancellation
 r - a potion of heal wounds {unknown}
 s - a potion of ambrosia {unknown}
 t - a potion of attraction {unknown}


   Skills:
 + Level 4.9 Fighting
 + Level 3.7 Maces & Flails
 + Level 4.8 Armour
 + Level 4.8 Shields


You had 5 spell levels left.
You didn't know any spells.
Your spell library contained the following spells:

 Spells                   Type           Power      Damage    Failure   Level
 Magic Dart               Conj           0%         1d3       99%         1
 Mephitic Cloud           Conj/Pois/Air  0%         N/A       100%        3
 Call Imp                 Summ           Unusable   N/A       N/A         2

Dungeon Overview and Level Annotations

Branches:
Dungeon (4/15)
 Temple: D:4-7

Altars:
Okawaru


Innate Abilities, Weirdness & Mutations

You are immune to sickness and miasma.
Your stone body is resilient. (AC +4)
You are immune to poison.
You resist negative energy. (rN+)
You are resistant to electric shocks. (rElec)
You are resistant to unholy torment.
You are immune to petrification.


Message History

The jackal barely misses you. You block the jackal's attack.
You hit the jackal but do no damage.
The jackal is severely wounded.
The jackal barely misses you.
You hit the jackal.
You kill the jackal!
Okawaru accepts your kill.
Items here: )) [[ ÷.
There is a stone staircase leading down here.
You start resting.
HP restored.
You climb downwards.
The ogre hits you but does no damage.
The quokka bites you but does no damage.
The quokka closely misses you.
There is a stone staircase leading up here.
The ogre hits you with a +0 giant club.
The quokka bites you but does no damage.
You climb upwards.
There is a stone staircase leading down here.
You sock the quokka!
You kill the quokka!
Okawaru accepts your kill. The ogre hits you with a +0 giant club!
Throw: 13 darts (poison)
Press: ? - help, Q - select action Shift-Dir - straight line, f - ogre
Aim: an ogre, wielding a +0 giant club (72% to hit)
You throw a poisoned dart. The poisoned dart hits the ogre.
The ogre is poisoned.
The ogre hits you with a +0 giant club.
Throw: 12 darts (poison)
Press: ? - help, Q - select action Shift-Dir - straight line, f/p - ogre
Aim: an ogre, wielding a +0 giant club (lightly wounded, poisoned, 72% to hit)
You throw a poisoned dart. The poisoned dart hits the ogre.
The ogre looks even sicker.
The ogre is lightly wounded.
You hit the ogre.
The ogre is moderately wounded.
The ogre hits you with a +0 giant club!!
Ouch! That really hurt!
You die...

###
####################
###.#
#...............(..#
#.#.#
##########.#######.#
#.#.# #.# #.# #.#.#
#.# #.# #.#.# #.#
### #.# #.#.# #.#
#@###.# #.#.# #.#
#†O.#.# #.#.# #.#
#.#...#####.#.####
#.#
#.##..............
#.#
#.#####.###.#.####
#.# #.# #...#.#.####
#.# #.# ###.........
#########'###.##
###.#.###.
#..............#
#.......


You could see an ogre (very poisoned).

Vanquished Creatures
  Sigmund (D:3)
  An orc priest (D:4)
  A hound (D:4)
  An orc wizard (D:3)
  A gnoll (D:1)
  3 adders (D:3)
  2 worms
  3 dart slugs
  7 orcs (D:3)
  5 endoplasms
  4 giant cockroaches
  4 goblins
  4 hobgoblins
  7 jackals
  3 quokkas
  6 ball pythons
  8 bats
  3 frilled lizards
  7 kobolds
  6 rats
77 creatures vanquished.

Notes
Turn   | Place    | Note
-------+----------+-------------------------------------------
     0 | D:1      | Dittersdorf the Gargoyle Fighter began the quest for the
                  | Orb.
     0 | D:1      | Reached XP level 1. HP: 14/14 MP: 1/1
    61 | D:1      | Reached XP level 2. HP: 19/19 MP: 2/2
   330 | D:1      | Reached XP level 3. HP: 23/23 MP: 3/3
   959 | D:2      | Reached XP level 4. HP: 22/29 MP: 4/4
  1641 | D:3      | Noticed Sigmund
  1653 | D:3      | Killed Sigmund
  1654 | D:3      | Reached XP level 5. HP: 27/34 MP: 5/5
  1654 | D:3      | Reached XP level 6. HP: 31/39 MP: 6/6
  2513 | D:4      | Found an iron altar of Okawaru.
  2527 | D:4      | Became a worshipper of Warmaster Okawaru
  2759 | D:3      | Slain by an ogre

Illustrated notes

Levels and vault maps discovered:
D:1:      ncdulo_halloftheorcs, layout_loops_ring
D:2:      layout_basic, minmay_misc_feat_room
D:3:      layout_basic, uniq_sigmund
D:4:      layout_loops_corners, okawaru_gym_becter,
          mainiacjoe_overflow_boulevard, minmay_temple_entry_junction,
          minmay_mini_ossuary, uniq_edmund, uniq_eustachio

Skill      XL: |  1  2  3  4 |
---------------+-------------+-----
Fighting       | 4 |  4.9
Shields        | 4 |  4.8
Armour         | 4 |  4.8
Maces & Flails | 3 |  3.7

Action                   |  1- 3 |  4- 6 || total
-------------------------+-------+-------++-------
Melee: Flail             |   119 |   140 ||   259
Throw: Dart              |       |     7 ||     7
  Use: Scroll            |       |     7 ||     7
Armor: Scale mail        |    80 |    46 ||   126
       Chain mail        |       |    50 ||    50
Dodge: Dodged            |    82 |    78 ||   160
Block: Buckler           |    34 |    35 ||    69

Table legend: (Time is in decaauts)
 A = Elapsed time spent in this place.
 B = Non-inter-level travel time spent in this place.
 C = Inter-level travel time spent in this place.
 D = Time resting spent in this place.
 E = Time spent auto-exploring this place.
 F = Levels seen in this place.
 G = Mean time per level.
                   A        B        C        D        E       F      G
               +--------+--------+--------+--------+--------+-----+--------+
         Total |   2840 |   2732 |    108 |     86 |   1964 |   4 |  710.0 |
       Dungeon |   2840 |   2732 |    108 |     86 |   1964 |   4 |  710.0 |
               +--------+--------+--------+--------+--------+-----+--------+

Top non-repeatable levels by time:
     D:3: 1243 daAuts
     D:1: 696 daAuts
     D:2: 615 daAuts
     D:4: 284 daAuts
